 Dungeon Crawl Stone Soup version 0.29-a0-653-gd47aff6735 (webtiles) character file.

Game seed: 17009291168185638160

79 xian the Skirmisher (level 4, -2/40 HPs)
             Began as a Draconian Fighter on June 21, 2022.
             Succumbed to a goblin's poison
             ... on level 3 of the Dungeon.
             The game lasted 00:06:04 (2243 turns).

xian the Skirmisher (Draconian Fighter)             Turns: 2243, Time: 00:06:05

Health: -2/40      AC:  5    Str: 20    XL:     4   Next: 17%
Magic:  4/4        EV: 12    Int:  9    God:
Gold:   45         SH:  4    Dex: 10    Spells: 3/3 levels left

rFire   . . .      SeeInvis .   h - +2 short sword (venom)
rCold   + . .      Faith    .   b - +0 buckler
rNeg    . . .      Spirit   .   (body armour unavailable)
rPois   .          Reflect  .   (helmet restricted)
rElec   .          Harm     .   (no cloak)
rCorr   .          Rampage  .   (no gloves)
Will    .....                   (no boots)
Stlth   +.........              (no amulet)
HPRegen 0.13/turn               d - ring of protection from cold
MPRegen 0.09/turn               (no ring)

@: mighty, brilliant, lethally poisoned (-2 -> -18)
A: AC +5, unfitting armour, cold-blooded
a: no special abilities


You were on level 3 of the Dungeon.
You visited 1 branch of the dungeon, and saw 3 of its levels.

You collected 45 gold pieces.

Inventory:

Hand Weapons
 h - a +2 short sword of venom (weapon)
Missiles
 f - 6 atropa-tipped darts (quivered)
Armour
 b - a +0 buckler (worn)
Jewellery
 d - a ring of protection from cold (left hand)
Wands
 i - a wand of iceblast (7)
Scrolls
 e - a scroll of magic mapping
Potions
 a - 2 potions of haste
 c - a potion of might


   Skills:
 + Level 3.8 Fighting
 + Level 0.9(2.0) Short Blades
 + Level 2.7(2.9) Long Blades
 + Level 3.2 Dodging
 + Level 0.2 Stealth
 + Level 3.4 Shields


You had 3 spell levels left.
You didn't know any spells.
Your spell library was empty.

Dungeon Overview and Level Annotations

Branches:
Dungeon (3/15)

Altars:

Shops:
D:1 =

Annotations:
D:1 Rare Rings
D:3 Robin


Innate Abilities, Weirdness & Mutations

Your plain brown scales are hard. (AC +5)
You cannot fit into any form of body armour.
You are cold-blooded and may be slowed by cold attacks.


Message History

The goblin hits you with a +0 dagger. The hobgoblin misses you.
You puncture the hobgoblin!
You kill the hobgoblin!
The goblin hits you but does no damage. Robin throws the goblin at you!
The goblin hits you but does no damage.
You hit the goblin.
You kill the goblin!
The goblin hits you with a +0 club. The goblin hits you with a +0 dagger.
You closely miss the hobgoblin. The goblin hits you but does no damage.
You block the goblin's attack. The hobgoblin hits you.
You hit the hobgoblin.
The hobgoblin is poisoned.
The hobgoblin is heavily wounded.
You block the goblin's attack. The goblin barely misses you.
The hobgoblin hits you.
* * * LOW HITPOINT WARNING * * *
You puncture the hobgoblin!
You kill the hobgoblin!
Robin throws the goblin at you!
The goblin hits you with a +1 dagger of venom.
* * * LOW HITPOINT WARNING * * *
You are poisoned.
The goblin misses you. The goblin hits you with a +0 dagger.
* * * LOW HITPOINT WARNING * * *
Okay, then.
Okay, then.
It was a potion of brilliance.
You feel clever all of a sudden.
* * * LOW HITPOINT WARNING * * *
You feel sick. The goblin hits you with a +0 club.
* * * LOW HITPOINT WARNING * * *
You block the goblin's attack. The goblin barely misses you.
You feel very mighty all of a sudden.
* * * LOW HITPOINT WARNING * * *
You feel sick.
The goblin hits you with a +1 dagger of venom.
* * * LOW HITPOINT WARNING * * *
You are more poisoned.
The goblin barely misses you. x2
You closely miss the goblin.
Your tail-slap misses the goblin.
You die...

##.#.. ....> ##
##....## .. ##
##....(.# ....
#.......# .#.
..g...gg# ..
.g.g..Kg# .#
#g###.####
#####@#.)....#
#.(..gg...##.#
#.........# #
#...#.....# .#
##.####..###.#
$..####......###
###.............#
########<####.#
#.#


You could see Robin, 5 goblins and a kobold.

Vanquished Creatures
  2 adders (D:2)
  A worm (D:2)
  2 dart slugs (D:1)
  4 ball pythons
  4 bats
  4 endoplasms (D:2)
  2 giant cockroaches (D:1)
  6 goblins
  6 hobgoblins
  4 jackals (D:1)
  A quokka (D:1)
  5 frilled lizards
  3 kobolds
  9 rats
53 creatures vanquished.

Notes
Turn   | Place    | Note
-------+----------+-------------------------------------------
     0 | D:1      | xian the Draconian Fighter began the quest for the Orb.
     0 | D:1      | Reached XP level 1. HP: 19/19 MP: 1/1
   144 | D:1      | Reached XP level 2. HP: 26/26 MP: 2/2
   230 | D:1      | Found Boxanaqu's One-of-a-Kind Rings.
   485 | D:1      | Found a faded altar of an unknown god.
   836 | D:1      | Reached XP level 3. HP: 31/31 MP: 3/3
  1802 | D:2      | Reached XP level 4. HP: 40/40 MP: 4/4
  2217 | D:3      | Noticed Robin
  2242 | D:3      | HP: 2/40 [goblin/+1 dagger of venom[Robin] (1)]
  2243 | D:3      | Succumbed to a goblin's poison

Illustrated notes

Levels and vault maps discovered:
D:1:      heliophobic_arrival_henge, layout_loops_cross,
          hellmonk_ecumenical_altar_inner_sanctum, nicolae_shop_unique_rings
D:2:      minmay_skewed_foursquare, layout_loops_ring,
          chequers_serial_rivers_micro_b
D:3:      layout_loops_cross, minmay_fractal_squares_gapless_5, uniq_robin

Skill      XL: |  1  2 |
---------------+-------+-----
Dodging        | 3 |  3.2
Fighting       | |  3.8
Short Blades   | |  0.9
Long Blades    | |  2.7
Stealth        | |  0.2
Shields        | |  3.4

Action                   |  1- 3 |  4- 6 || total
-------------------------+-------+-------++-------
Melee: Long sword        |    79 |       ||    79
       Tailslap          |    10 |     1 ||    11
       Short sword       |    47 |    21 ||    68
       Dagger            |    13 |       ||    13
  Use: Scroll            |     3 |     2 ||     5
       Potion            |       |     2 ||     2
 Stab: Sleeping          |       |     1 ||     1
Armor: Skin              |    48 |     7 ||    55
Dodge: Dodged            |   109 |    11 ||   120
Block: Buckler           |    31 |     5 ||    36

Table legend: (Time is in decaauts)
 A = Elapsed time spent in this place.
 B = Non-inter-level travel time spent in this place.
 C = Inter-level travel time spent in this place.
 D = Time resting spent in this place.
 E = Time spent auto-exploring this place.
 F = Levels seen in this place.
 G = Mean time per level.
                   A        B        C        D        E       F      G
               +--------+--------+--------+--------+--------+-----+--------+
         Total |   2273 |   2218 |     55 |    100 |   1617 |   3 |  757.7 |
       Dungeon |   2273 |   2218 |     55 |    100 |   1617 |   3 |  757.7 |
               +--------+--------+--------+--------+--------+-----+--------+

Top non-repeatable levels by time:
     D:1: 1289 daAuts
     D:2: 951 daAuts
     D:3: 32 daAuts
